 Dungeon Crawl Stone Soup version 0.27-a0-1325-g58a489ad9e (webtiles) character file.

Game seed: 7140180959358016901

37 Nattfarinn the Ogre Mage (level 3, -2/37 HPs)
             Began as an Ogre Hedge Wizard on June 24, 2021.
             Slain by an orc (7 damage)
             ... on level 3 of the Dungeon.
             The game lasted 00:02:42 (2172 turns).

Nattfarinn the Ogre Mage (Ogre Hedge Wizard)        Turns: 2172, Time: 00:02:43

Health: -2/37      AC:  3    Str: 14    XL:     3   Next: 41%
Magic:  1/8        EV:  9    Int: 16    God:
Gold:   47         SH:  0    Dex:  8    Spells: 9/10 levels left

rFire    . . .     SeeInvis .   a - +0 dagger
rCold    . . .     Faith    .   (no shield)
rNeg     . . .     Spirit   .   b - +0 robe
rPois    .         Reflect  .   c - +0 hat
rElec    .         Harm     .   (no cloak)
rCorr    .         Rampage  .   (gloves unavailable)
Will     .....                  (boots unavailable)
Stlth    +.........             (no amulet)
HPRegen  0.12/turn              (no ring)
MPRegen  0.11/turn              (no ring)

@: no status effects
A: large, unfitting armour, tough skin 1
a: no special abilities


You were on level 3 of the Dungeon.
You visited 1 branch of the dungeon, and saw 3 of its levels.

You collected 47 gold pieces.

Inventory:

Hand Weapons
 a - a +0 dagger (weapon)
Armour
 b - a +0 robe (worn)
 c - a +0 hat (worn)
Scrolls
 d - a scroll of amnesia {unknown}
 e - a scroll of acquirement {unknown}
 f - 2 scrolls of teleportation {unknown}
Potions
 g - a potion of lignification {unknown}


   Skills:
 * Level 3.2 Fighting
 - Level 1.7 Dodging
 - Level 1.4 Stealth
 + Level 4.1 Spellcasting
 - Level 0.8 Conjurations
 - Level 0.8 Summonings
 - Level 0.8 Translocations


You had 9 spell levels left.
You knew the following spells:

 Your Spells              Type           Power      Damage    Failure   Level
a - Magic Dart            Conj           24%        1d4       12%         1

Your spell library contained the following spells:

 Spells                   Type           Power      Damage    Failure   Level
 Blink                    Tloc           N/A        N/A       19%         2
 Call Imp                 Summ           6%         N/A       19%         2
 Slow                     Hex            3%         N/A       26%         2
 Conjure Flame            Conj/Fire      4%         6-21      38%         3
 Mephitic Cloud           Conj/Pois/Air  4%         N/A       41%         3


Dungeon Overview and Level Annotations

Branches:
Dungeon (3/15)

Altars:

Shops:
D:1 (


Innate Abilities, Weirdness & Mutations

You are too large for most types of armour.
You have tough skin. (AC +1)


Message History

The orc is heavily wounded.
The orc closely misses you. The orc barely misses you.
You hit the orc but do no damage.
The orc is heavily wounded.
The orc hits you with a +0 mace! The orc hits you but does no damage.
Your magical contamination has completely faded away.
You hit the orc but do no damage.
The orc is heavily wounded.
The orc completely misses you. The orc barely misses you.
You barely miss the orc.
The orc is heavily wounded.
The orc closely misses you.
The orc hits you from afar with a +0 trident.
You hit the orc.
The orc is almost dead.
The orc hits you with a +0 mace. The orc closely misses you.
You hit the orc.
You kill the orc!
The orc barely misses you.
Found a pair of gloves.
Things that are here:
a +0 mace; a +0 war axe; an orc corpse The magic dart hits the orc.
The orc is lightly wounded.
The orc hits you from afar with a +0 trident.
The orc hits you with a +0 trident!
* * * LOW HITPOINT WARNING * * *
Things that are here:
a +0 mace; a +0 war axe; an orc corpse You hit the orc.
The orc is heavily wounded.
The orc hits you with a +0 trident.
* * * LOW HITPOINT WARNING * * *
You closely miss the orc.
The orc is heavily wounded.
The orc barely misses you.
You closely miss the orc.
The orc is heavily wounded.
The orc hits you with a +0 trident!
You die...

...# ... ... #
### ..# .# ...
#.# ..#
#.##.##..#
#$#....[# #..).#
##@#.#
########o#.#
#..........#
#.######.########
#......<.#
#........#
#.........#
#.#.......#
#.........#


You could see an orc.

Vanquished Creatures
  A dart slug (D:1)
  3 orcs (D:3)
  3 ball pythons
  2 bats (D:1)
  7 endoplasms
  A giant cockroach (D:2)
  3 goblins (D:1)
  2 hobgoblins (D:1)
  A quokka (D:1)
  A frilled lizard (D:2)
  A kobold (D:1)
  A rat (D:1)
26 creatures vanquished.

Notes
Turn   | Place    | Note
-------+----------+-------------------------------------------
     0 | D:1      | Nattfarinn the Ogre Hedge Wizard began the quest for the
                  | Orb.
     0 | D:1      | Reached XP level 1. HP: 16/16 MP: 5/5
   340 | D:1      | Reached skill level 1 in Fighting
   362 | D:1      | Found a faded altar of an unknown god.
   510 | D:1      | Reached XP level 2. HP: 28/28 MP: 0/6
   906 | D:1      | Found Joal Wufuje's Antique Weapon Emporium.
  1354 | D:1      | Reached skill level 4 in Spellcasting
  1637 | D:2      | Reached XP level 3. HP: 36/36 MP: 4/8
  2172 | D:3      | Slain by an orc

Illustrated notes

Levels and vault maps discovered:
D:1:      dpeg_arrival_circle_labyrinth_a, layout_basic, serial_shops, shop,
          hellmonk_ecumenical_altar_run_dry, kennysheep_decorative_pillar
D:2:      layout_rooms, chequers_serial_rivers_small_a
D:3:      layout_loops_ring, tgw_sif, portal_sewer_entry_a, serial_bayou_pond_b,
          minmay_fractal_squares_5, uniq_jessica

Skill      XL: |  1  2  3 |
---------------+----------+-----
Fighting       | 1 2 3 |  3.2
Spellcasting   | 4 |  4.1
Dodging        | |  1.7
Stealth        | |  1.4
Conjurations   | |  0.8
Summonings     | |  0.8
Translocations | |  0.8

Action                   || total
-------------------------++-------
Melee: Dagger            ||    34
 Cast: Magic Dart        ||    73
Armor: Robe              ||     9
Dodge: Dodged            ||    18

Table legend: (Time is in decaauts)
 A = Elapsed time spent in this place.
 B = Non-inter-level travel time spent in this place.
 C = Inter-level travel time spent in this place.
 D = Time resting spent in this place.
 E = Time spent auto-exploring this place.
 F = Levels seen in this place.
 G = Mean time per level.
                   A        B        C        D        E       F      G
               +--------+--------+--------+--------+--------+-----+--------+
         Total |   2175 |   2097 |     78 |    167 |   1761 |   3 |  725.0 |
       Dungeon |   2175 |   2097 |     78 |    167 |   1761 |   3 |  725.0 |
               +--------+--------+--------+--------+--------+-----+--------+

Top non-repeatable levels by time:
     D:1: 1578 daAuts
     D:2: 566 daAuts
     D:3: 30 daAuts
